 Dungeon Crawl Stone Soup version 0.22-a0-363-g29407c6 (webtiles) character file.

21086 GoochMcTaint the Bludgeoner (level 12, -2/112 HPs)
             Began as a Minotaur Berserker on Apr 22, 2018.
             Was a High Priest of Trog.
             Killed from afar by a hell hound (5 damage)
             ... with a blast of flame
             ... led by Azrael
             ... on level 12 of the Dungeon.
             The game lasted 00:58:56 (13080 turns).

GoochMcTaint the Bludgeoner (Minotaur Berserker)   Turns: 13080, Time: 00:58:56

Health: -2/112     AC: 16    Str: 25    XL:     12   Next: 51%
Magic:  11/11      EV:  8    Int:  4    God:    Trog [*****.]
Gold:   573        SH:  4    Dex: 14    Spells: 11/11 levels left

rFire    . . .     SeeInvis +   R - +5 great mace (protect)
rCold    + . .     Gourm    .   (shield currently unavailable)
rNeg     . . .     Faith    .   E - +0 plate armour
rPois    .         Spirit   .   (helmet restricted)
rElec    .         Reflect  +   (no cloak)
rCorr    .         Harm     .   z - +0 pair of gloves
MR       .....                  (no boots)
Stlth    ..........             r - amulet of Goawixeng {Reflect Dex+2 SH+4}
HPRegen  0.28/turn              h - ring of see invisible
MPRegen  0.12/turn              J - ring of protection from cold

@: berserk cooldown, hasted and slowed
A: retaliatory headbutt, horns 2
a: Berserk, Trog's Hand, Brothers in Arms, Renounce Religion


You were on level 12 of the Dungeon.
You worshipped Trog.
Trog was extremely pleased with you.
You were very hungry.

You visited 1 branch of the dungeon, and saw 12 of its levels.

You collected 729 gold pieces.
You spent 156 gold pieces at shops.

Inventory:

Hand Weapons
 k - a +0 shortbow of freezing
 F - a +4 battleaxe
 N - a +4 flail
 O - a +0 mace of venom
 R - a +5 great mace of protection (weapon)
Missiles
 i - 4 curare-tipped needles
 j - 43 poisoned needles
 s - 334 arrows
Armour
 z - a +0 pair of gloves (worn)
 E - a +0 plate armour (worn)
 I - a +1 ring mail of cold resistance
Jewellery
 h - a ring of see invisible (left hand)
 r - the amulet of Goawixeng (around neck) {Reflect Dex+2 SH+4}
   (You found it on level 12 of the Dungeon)

   [amulet of reflection]

   It shields you and reflects attacks.
   It affects your dexterity (+2).
   It affects your SH (+4).
 x - an uncursed ring of protection from cold
 B - an uncursed ring of ice
 C - an uncursed ring of magical power
 J - a ring of protection from cold (right hand)
Wands
 q - a wand of digging (7)
Scrolls
 a - 3 scrolls of blinking
 b - 2 scrolls of fear {unknown}
 e - 2 scrolls of magic mapping
 g - a scroll of enchant armour {unknown}
 n - a scroll of immolation {unknown}
 v - 4 scrolls of teleportation
 y - 3 scrolls of remove curse
 D - 4 scrolls of identify
 P - a scroll of holy word
Potions
 d - a potion of ambrosia
 f - 2 potions of lignification
 l - 7 potions of curing
 m - a potion of cancellation
 o - a potion of berserk rage
 t - a potion of flight
 u - a potion of magic
 A - 2 potions of mutation
Comestibles
 c - 10 rations


   Skills:
 + Level 12.2 Fighting
 * Level 16.2 Maces & Flails
 + Level 9.7 Bows
 + Level 10.1 Armour
 - Level 2.1 Dodging


You had 11 spell levels left.
You didn't know any spells.

Dungeon Overview and Level Annotations

Branches:
Dungeon (12/15)            Temple (0/1) D:7            Lair (0/6) D:10
    Orc (0/2) D:9

Altars:
Ashenzari
Cheibriados
Dithmenos
Elyvilon
Fedhas
Gozag
Hepliaklqana
Kikubaaqudgha
Makhleb
Nemelex Xobeh
Okawaru
Qazlal
Sif Muna
Trog
Vehumet
Wu Jian
Yredelemnul
Zin

Shops:
D:5 }!?*(   D:12 *

Annotations:
D:12 Azrael


Innate Abilities, Weirdness & Mutations

You reflexively headbutt those who attack you in melee.
You have a pair of horns on your head.


Message History

The hell hound bites you. The fire elemental hits you.
The fire elemental burns you! The fire elemental hits you.
The fire elemental burns you!
* * * LOW HITPOINT WARNING * * *
A hell hound comes into view.
The hell hound barks!
The hell hound bites you!
* * * LOW HITPOINT WARNING * * *
The fire elemental barely misses you. You block the hell hound's attack.
You feel yourself speed up. Azrael gestures at you.
The bolt of fire hits the hell hound.
The hell hound completely resists.
The bolt of fire hits you!
* * * LOW HITPOINT WARNING * * *
The fire elemental hits you. The fire elemental burns you!
* * * LOW HITPOINT WARNING * * *
You block the fire elemental's attack. You block the hell hound's attack.
The hell hound breathes flames at you. The blast of flame hits you!
You die...

####.(.§........... .....
#..$.................... .....
#....................... .....
#..............>........ .....
###....)..............<..
#.......§....h......[. .......
#.....#...............#........#
#.....##......E.......##........
#...####.....§h@......##........
#### #####§RE.......##........
#...........#........
###...........#........
#........##............
#........#####.........
#........# #.).####..
#####....### ##### #.. #......#
#..


You could see Azrael, 2 fire elementals and 2 hell hounds.

Vanquished Creatures
  Rupert (D:12)
  A death knight (D:12)
  The ghost of Anachronus the Quickloader, a novice MiHu of Yredelemnul (D:9)
  A two-headed ogre (D:12)
  3 skeletal warriors
  2 ugly things
  A cyclops (D:11)
  An elephant (D:10)
  Psyche (D:10)
  Joseph (D:8)
  2 freezing wraiths (D:12)
  2 slime creatures (D:7)
  6 hippogriffs
  A wyvern (D:11)
  A vampire (D:9)
  A yak (D:11)
  2 wraiths
  2 basilisks
  Eustachio (D:4)
  2 hungry ghosts
  4 ice beasts
  10 orc warriors
  4 sky beasts
  A necrophage (D:7)
  A hornet zombie (D:7)
  2 phantoms
  5 ogres
  4 centaurs
  2 crocodiles
  4 big kobolds
  8 bullfrogs
  A wyvern zombie (D:10)
  4 scorpions
  10 killer bees
  10 wights
  5 crimson imps
  3 centaur zombies
  A bullfrog zombie (D:12)
  5 hounds
  9 orc priests
  7 jellies
  7 centaur skeletons
  Terence (D:3)
  A bullfrog skeleton (D:5)
  5 iguanas
  15 orc wizards
  13 worker ants
  2 hound zombies
  A worker ant zombie (D:6)
  4 gnolls
  15 adders
  4 shadow imps
  7 oozes
  An adder zombie (D:7)
  4 worms
  A dart slug (D:3)
  9 leopard geckos
  57 orcs
  3 ball pythons
  8 bats
  6 giant cockroaches
  10 goblins
  10 hobgoblins
  9 jackals
  4 quokkas
  6 frilled lizards
  A jackal skeleton (D:7)
  10 kobolds
  A leopard gecko skeleton (D:5)
  6 rats
  4 fungi (D:7)
358 creatures vanquished.

Vanquished Creatures (collateral kills)
  A death knight (D:11)
  A two-headed ogre (D:11)
  A flayed ghost (D:9)
  An ugly thing (D:10)
  A manticore (D:9)
  A freezing wraith (D:11)
  A troll (D:9)
  2 wraiths
  2 yaks (D:11)
  An orc warrior (D:9)
  An ogre (D:8)
  2 phantoms
  4 boggarts (D:11)
  4 wights
  A killer bee (D:11)
  A crimson imp (D:9)
  A hound (D:11)
  A quasit (D:8)
  An orc wizard (D:12)
  A jelly (D:9)
  An orc priest (D:9)
  A worker ant (D:11)
  7 orcs
  A kobold (D:11)
39 creatures vanquished.

Vanquished Creatures (others)
  An orc wizard (D:10)
  3 fungi (D:7)
  9 toadstools (D:7)
13 creatures vanquished.

Grand Total: 410 creatures vanquished

Notes
Turn   | Place    | Note
-------+----------+-------------------------------------------
     0 | D:1      | GoochMcTaint the Minotaur Berserker began the quest for the Orb.
     0 | D:1      | Reached XP level 1. HP: 19/19 MP: 0/0
   112 | D:1      | Reached skill level 4 in Maces & Flails
   112 | D:1      | Reached XP level 2. HP: 25/27 MP: 1/1
   906 | D:2      | Reached XP level 3. HP: 29/33 MP: 2/2
  1088 | D:2      | Found a shattered altar of Ashenzari.
  1094 | D:2      | Found a deep blue altar of Sif Muna.
  1095 | D:2      | Found an ornate altar of the Wu Jian Council.
  1095 | D:2      | Found a sparkling altar of Nemelex Xobeh.
  1095 | D:2      | Found a white marble altar of Elyvilon.
  1102 | D:2      | Found an opulent altar of Gozag.
  1103 | D:2      | Found a blossoming altar of Fedhas.
  1185 | D:2      | Reached ** piety under Trog
  1448 | D:2      | Reached skill level 5 in Maces & Flails
  1448 | D:2      | Reached XP level 4. HP: 37/41 MP: 3/3
  1915 | D:3      | Reached XP level 5. HP: 47/47 MP: 4/4
  2004 | D:3      | Reached skill level 6 in Maces & Flails
  2009 | D:3      | Reached skill level 5 in Fighting
  2082 | D:3      | Noticed Terence
  2089 | D:3      | Reached *** piety under Trog
  2093 | D:3      | Killed Terence
  2136 | D:3      | Reached XP level 6. HP: 56/56 MP: 5/5
  2593 | D:4      | Noticed Eustachio
  2646 | D:4      | Reached skill level 7 in Maces & Flails
  2652 | D:4      | Killed Eustachio
  2652 | D:4      | Reached skill level 5 in Armour
  2652 | D:4      | Reached XP level 7. HP: 21/62 MP: 6/6
  2976 | D:4      | Found a glowing silver altar of Zin.
  2976 | D:4      | Noticed an angel
  3311 | D:5      | Entered Level 5 of the Dungeon
  3356 | D:5      | Found a burning altar of Makhleb.
  3356 | D:5      | Noticed a balrug
  3552 | D:5      | Reached **** piety under Trog
  3552 | D:5      | Reached skill level 8 in Maces & Flails
  3577 | D:5      | Found Sixurooxay's Gadget Shop.
  3593 | D:5      | Bought a wand of polymorph (9) for 132 gold pieces
  3744 | D:5      | Found Zechax's Distillery.
  3785 | D:5      | Found Xuvugeir's General Store.
  3807 | D:5      | Found Uwnixt's Magic Scroll Shoppe.
  3815 | D:5      | Bought a scroll of identify for 24 gold pieces
  3840 | D:5      | Found Xuddair's Antique Weapon Emporium.
  4495 | D:6      | Reached XP level 8. HP: 66/71 MP: 7/7
  4686 | D:6      | Reached skill level 9 in Maces & Flails
  4686 | D:6      | Reached skill level 1 in Bows
  4952 | D:6      | Reached skill level 10 in Maces & Flails
  5351 | D:6      | Reached XP level 9. HP: 78/81 MP: 8/8
  5445 | D:7      | Found a staircase to the Ecumenical Temple.
  5452 | D:7      | Found a white marble altar of Elyvilon.
  5452 | D:7      | Found a sparkling altar of Nemelex Xobeh.
  5452 | D:7      | Found a glowing silver altar of Zin.
  5452 | D:7      | Found a bloodstained altar of Trog.
  5453 | D:7      | Found a bloodstained altar of Trog.
  5453 | D:7      | Found a burning altar of Makhleb.
  5456 | D:7      | Found a shadowy altar of Dithmenos.
  5456 | D:7      | Found a sparkling altar of Nemelex Xobeh.
  5456 | D:7      | Found a stormy altar of Qazlal.
  5456 | D:7      | Found a bloodstained altar of Trog.
  5456 | D:7      | Found a deep blue altar of Sif Muna.
  5456 | D:7      | Found a hazy altar of Hepliaklqana.
  5531 | D:7      | Reached skill level 11 in Maces & Flails
  6134 | D:7      | Reached skill level 5 in Bows
  6188 | D:7      | Reached skill level 12 in Maces & Flails
  6386 | D:8      | Found a radiant altar of Vehumet.
  6390 | D:8      | Received a gift from Trog
  6550 | D:8      | Found a snail-covered altar of Cheibriados.
  6567 | D:8      | Noticed Joseph
  6575 | D:8      | Reached XP level 10. HP: 89/91 MP: 9/9
  6618 | D:8      | Killed Joseph
  7435 | D:8      | Found a shadowy altar of Dithmenos.
  7748 | D:9      | Reached skill level 13 in Maces & Flails
  7862 | D:9      | Reached ***** piety under Trog
  7862 | D:9      | Reached skill level 10 in Fighting
  7895 | D:9      | Noticed a manticore
  7896 | D:9      | Noticed Anachronus's ghost (novice MiHu)
  7903 | D:9      | Killed a manticore
  7910 | D:9      | Killed Anachronus's ghost
  8640 | D:9      | Found a staircase to the Orcish Mines.
  8686 | D:9      | Found a transporter.
  8687 | D:9      | Noticed a skeletal warrior
  8688 | D:9      | Noticed a skeletal warrior
  8692 | D:9      | Noticed a flayed ghost
  8692 | D:9      | Found a basalt altar of Yredelemnul.
  8692 | D:9      | Found an ancient bone altar of Kikubaaqudgha.
  8699 | D:9      | Found a transporter.
  8700 | D:9      | Killed a flayed ghost
  8710 | D:9      | Killed a skeletal warrior
  8710 | D:9      | Reached XP level 11. HP: 101/101 MP: 10/10
  8719 | D:9      | Killed a skeletal warrior
  8724 | D:9      | Received a gift from Trog
  8724 | D:9      | Reached skill level 14 in Maces & Flails
  8970 | D:10     | Entered Level 10 of the Dungeon
  9141 | D:10     | Noticed Psyche
  9152 | D:10     | Killed Psyche
  9609 | D:10     | Found a staircase to the Lair.
  9732 | D:10     | Received a gift from Trog
 10302 | D:10     | Noticed a red ugly thing
 10302 | D:10     | Noticed a cyan ugly thing
 10331 | D:10     | Killed a red ugly thing
 10369 | D:10     | Killed a cyan ugly thing
 10810 | D:11     | Received a gift from Trog
 11202 | D:11     | Reached skill level 15 in Maces & Flails
 11349 | D:11     | Found an iron altar of Okawaru.
 11923 | D:11     | Noticed a death knight
 12016 | D:11     | Killed a death knight
 12312 | D:12     | Noticed a two-headed ogre
 12315 | D:12     | Noticed a purple ugly thing
 12334 | D:11     | Killed a two-headed ogre
 12334 | D:11     | Reached XP level 12. HP: 111/111 MP: 11/11
 12535 | D:12     | Found Hanomi's General Store.
 12726 | D:12     | Noticed a death knight
 12737 | D:12     | Killed a death knight
 12830 | D:12     | Noticed a two-headed ogre
 12837 | D:12     | Killed a two-headed ogre
 12837 | D:12     | Received a gift from Trog
 12999 | D:12     | Got an ancient bronze amulet
 13000 | D:12     | Identified the amulet of Goawixeng {Reflect Dex+2 SH+4} (You found it on level 12 of the Dungeon)
 13055 | D:12     | Noticed Rupert
 13068 | D:12     | Noticed Azrael
 13070 | D:12     | Killed Rupert
 13070 | D:12     | Reached skill level 16 in Maces & Flails
 13070 | D:12     | Reached skill level 10 in Armour
 13080 | D:12     | HP: 3/112 [fire elemental[Azrael] (10)]
 13080 | D:12     | Killed from afar by a hell hound

Vault maps used:
D:1:      dpeg_arrival_rhombus, minivault_19, minmay_heptomino_d4
D:2:      cheibrodos_greedy_goblins, minitemple
D:3:      serial_glass, glass_columns_a, glass_columns_b, first_ration,
          uniq_terence
D:4:      zin_angel, st_stairs_13, uniq_eustachio
D:5:      makhleb_altar_promises_db, serial_shops, shop, shop_statue, shop,
          shop_statue, shop
D:6:      wad_guarded_room
D:7:      cheibrodos_fertilizer, temple_doors_ab
D:8:      grunt_dithmenos_shadows, overflow_temple_1_default, basic_altar,
          uniq_joseph
D:9:      kennysheep_blocky_hall, gammafunk_temple_of_torment, orc_0_dummy,
          feat_on_display
D:10:     david_lair_generic, uniq_psyche
D:11:     basic_altar
D:12:     serial_shops, shop, hangedman_stone_soup, uniq_rupert, uniq_azrael,
          uniq_frances

Skill      XL: |  1  2  3  4  5  6  7  8  9 10 11 12 |
---------------+-------------------------------------+-----
Maces & Flails | 4 5 6 7 8 10 12 13 15 16 | 16.2
Fighting       | 4 5 6 7 9 10 11 12 | 12.2
Armour         | 3 4 5 6 7 9 10 | 10.1
Bows           | 3 5 7 8 9 |  9.7
Dodging        | |  2.1

Action                   |  1- 3 |  4- 6 |  7- 9 | 10-12 || total
-------------------------+-------+-------+-------+-------++-------
Melee: Mace              |    92 |    82 |     2 |       ||   176
       Headbutt          |    10 |    21 |    59 |    95 ||   185
       Morningstar       |       |    61 |   277 |    50 ||   388
       Dire flail        |       |       |    21 |       ||    21
       Flail             |       |       |       |   358 ||   358
       Great mace        |       |       |       |    84 ||    84
 Fire: Hunting sling     |       |       |     2 |       ||     2
       Shortbow          |       |       |     9 |    28 ||    37
Invok: Berserk           |     2 |     2 |     6 |    25 ||    35
       Brothers in Arms  |       |       |     2 |    11 ||    13
       Trog's Hand       |       |       |     2 |     1 ||     3
  Use: Potion            |       |     7 |     1 |     4 ||    12
       Scroll            |       |     4 |     2 |    15 ||    21
  Eat: Chunk             |     3 |     5 |    14 |    32 ||    54
       Ration            |       |       |     3 |     5 ||     8
Armor: Chain mail        |    63 |   105 |    60 |       ||   228
       Skin              |       |     2 |    30 |       ||    32
       Plate armour      |       |       |    63 |   297 ||   360
Dodge: Dodged            |    44 |    86 |   100 |   176 ||   406
Block: Other             |       |       |       |     4 ||     4

Table legend:
 A = Spawn XP
 B = Non-spawn XP
 C = Spawn XP percentage of total XP
 D = Spawn monster count
 E = Non-spawn monster count
 F = Spawn count percentage of total count
 G = Total turns spent on level
                    A         B        C        D         E        F      G
               +---------+---------+-------+---------+---------+-------+---------
         Total |       0 |   30124 |   0.0 |       0 |     394 |   0.0 | 13080
               +---------+---------+-------+---------+---------+-------+---------
           D:1 |       0 |      25 |   0.0 |       0 |      12 |   0.0 |   834
           D:2 |       0 |     102 |   0.0 |       0 |      28 |   0.0 |   908
           D:3 |       0 |     288 |   0.0 |       0 |      40 |   0.0 |   763
           D:4 |       0 |     500 |   0.0 |       0 |      15 |   0.0 |   806
           D:5 |       0 |     398 |   0.0 |       0 |      18 |   0.0 |   875
           D:6 |       0 |    1502 |   0.0 |       0 |      28 |   0.0 |  1164
           D:7 |       0 |    2080 |   0.0 |       0 |      36 |   0.0 |   938
           D:8 |       0 |    1979 |   0.0 |       0 |      36 |   0.0 |  1313
           D:9 |       0 |    4989 |   0.0 |       0 |      43 |   0.0 |  1369
          D:10 |       0 |    3916 |   0.0 |       0 |      43 |   0.0 |  1687
          D:11 |       0 |    6231 |   0.0 |       0 |      66 |   0.0 |  1766
          D:12 |       0 |    8114 |   0.0 |       0 |      29 |   0.0 |   657
               +---------+---------+-------+---------+---------+-------+---------
